 Dungeon Crawl Stone Soup version 0.27-a0-679-g77a6b55cf3 (webtiles) character file.

Game seed: 13722288363329014002

711 robertstho the Chiller (level 7, -1/51 HPs)
             Began as a Gnoll Ice Elementalist on Mar 18, 2021.
             Slain by Pikel
             ... wielding a +2 whip of freezing
              (5 damage)
             ... on level 5 of the Dungeon.
             The game lasted 00:09:17 (5715 turns).

robertstho the Chiller (Gnoll Ice Elementalist)     Turns: 5715, Time: 00:09:18

Health: -1/51      AC: 11    Str:  8    XL:     7   Next: 68%
Magic:  21/24      EV: 14    Int: 20    God:
Gold:   85         SH:  0    Dex: 15    Spells: 10/17 levels left

rFire    . . .     SeeInvis .   x - +3 scythe (protect)
rCold    . . .     Faith    .   (shield currently unavailable)
rNeg     . . .     Spirit   .   a - +0 robe
rPois    +         Reflect  .   (no helmet)
rElec    .         Harm     .   (no cloak)
rCorr    .         Rampage  .   (no gloves)
Will     .....                  e - +0 pair of boots
Stlth    +++.......             q - amulet "Wepnuwi" {Acrobat rPois Int+4 Dex+3}
HPRegen  0.17/turn              s - ring of magical power
MPRegen  0.19/turn              (no ring)

@: ice-armoured
A: fangs 1, strong nose, distributed training
a: no special abilities


You were on level 5 of the Dungeon.
You visited 1 branch of the dungeon, and saw 5 of its levels.

You collected 211 gold pieces.
You spent 126 gold pieces at shops.

Inventory:

Hand Weapons
 f - a +0 mace
 i - a +0 hunting sling
 k - a +0 hand axe
 l - a +0 halberd
 x - a +3 scythe of protection (weapon)
Missiles
 d - 35 poisoned darts
 j - 188 stones
Armour
 a - a +0 robe (worn)
 e - a +0 pair of boots (worn)
Jewellery
 q - the amulet "Wepnuwi" (around neck) {Acrobat rPois Int+4 Dex+3}
   (You found it on level 5 of the Dungeon)

   [amulet of the acrobat]

   It helps you evade while moving and waiting.
   It affects your intelligence (+4).
   It affects your dexterity (+3).
   It protects you from poison.
 s - a ring of magical power (right hand)
Wands
 n - a wand of paralysis (6)
Scrolls
 b - 8 scrolls of teleportation {unknown}
 c - a scroll of magic mapping
 g - 2 scrolls of vulnerability
 o - a scroll of enchant armour {unknown}
 p - 4 scrolls of fear
 y - a scroll of holy word {unknown}
Potions
 h - 2 potions of flight
 m - a potion of haste
 t - a potion of curing {unknown}
 u - a potion of lignification
 v - 3 potions of mutation


   Skills:
 + Level 2.6 Fighting
 + Level 2.6 Short Blades
 + Level 2.6 Long Blades
 + Level 2.6 Axes
 + Level 2.6 Maces & Flails
 + Level 2.6 Polearms
 + Level 2.6 Staves
 + Level 2.6 Slings
 + Level 2.6 Bows
 + Level 2.6 Crossbows
 + Level 2.6 Throwing
 + Level 2.6 Armour
 + Level 5.3 Dodging
 + Level 5.0 Stealth
 + Level 2.6 Shields
 + Level 2.6 Unarmed Combat
 + Level 5.7 Spellcasting
 + Level 2.1 Conjurations
 + Level 2.1 Hexes
 + Level 2.1 Summonings
 + Level 2.1 Necromancy
 + Level 2.1 Translocations
 + Level 2.1 Transmutations
 + Level 2.1 Fire Magic
 + Level 7.4 Ice Magic
 + Level 2.1 Air Magic
 + Level 2.1 Earth Magic
 + Level 2.1 Poison Magic
 + Level 2.9 Invocations
 + Level 2.6 Evocations


You had 10 spell levels left.
You knew the following spells:

 Your Spells              Type           Power      Damage    Failure   Level
a - Freeze                Ice            100%       1d11      1%          1
b - Frozen Ramparts       Ice            70%        1d9       1%          3
c - Ozocubu's Armour      Ice            35%        N/A       1%          3

Your spell library contained the following spells:

 Spells                   Type           Power      Damage    Failure   Level
 Animate Skeleton         Necr           28%        N/A       4%          1
 Apportation              Tloc           28%        N/A       4%          1
 Corona                   Hex            15%        N/A       4%          1
 Summon Small Mammal      Summ           56%        N/A       4%          1
 Hailstorm                Conj/Ice       25%        3d7       14%         4
 Summon Ice Beast         Ice/Summ       25%        N/A       14%         4


Dungeon Overview and Level Annotations

Branches:
Dungeon (5/15)
 Temple: D:4-7

Altars:
Ashenzari
Ru

Shops:
D:2 ?(

Annotations:
D:2 scroll shop
D:5 Pikel


Innate Abilities, Weirdness & Mutations

You have very sharp teeth.
Your uncanny sense of smell can sniff out nearby items.
Your experience applies equally to all skills.


Message History

The wall freezes Pikel.
Pikel hits you with a +2 whip of freezing.
Pikel freezes you.
The wall freezes Pikel.
Pikel zaps a wand.
The puff of flame hits you but does no damage.
You closely miss Pikel.
Pikel is moderately wounded.
The wall freezes the lemure!
The lemure enters a dispersal trap!
Pikel blinks! x2
You blink.
The frozen ramparts melt away as you move.
The lemure blinks!
You reach to attack!
You slash the lemure!
Your weapon exudes an aura of protection.
You kill the lemure!
That felt strangely unrewarding.
A lemure comes into view.
You hit Pikel.
Pikel is heavily wounded.
Pikel zaps a wand.
The puff of flame hits you!
Pikel zaps a wand.
The puff of flame misses you.
You closely miss Pikel. You bite Pikel, but do no damage.
Pikel is heavily wounded.
Pikel says, "Hell isn't that bad."
Pikel barely misses you.
Pikel hits you with a +2 whip of freezing.
Pikel freezes you.
You closely miss Pikel.
Pikel is heavily wounded.
The lemure completely misses you.
Pikel hits you with a +2 whip of freezing!
Pikel freezes you. The lemure closely misses you.
Pikel hits you with a +2 whip of freezing!
Pikel freezes you.
* * * LOW HITPOINT WARNING * * *
Casting: Frozen Ramparts (safe; 1% risk of failure)
Confirm with . or Enter, or press ? or * to list all spells.
A film of ice covers your body! The lemure hits you but does no damage.
Pikel hits you with a +2 whip of freezing!
* * * LOW HITPOINT WARNING * * *
Pikel freezes you.
You die...

#.# #.# #..# . #.. #..# ∆
# ## #..## . #... ∆
###########.##.#####.###
.....5......#..........
###########.#..#####.## #
......^..5.....##...
####.........5.K@.........
......#####.#..########.##
###...# #§#..# # .. . #/.#
# ## #..# # #.K. # #.## #
#.# #


You could see Pikel and 2 lemures.

Vanquished Creatures
  Sigmund (D:4)
  A centaur (D:5)
  A lemure (D:5)
  A howler monkey (D:5)
  A gnoll shaman (D:5)
  2 worker ants (D:4)
  3 orc wizards (D:5)
  6 adders
  10 gnolls
  2 white imps (D:5)
  An ooze (D:3)
  An adder skeleton (D:5)
  A worm (D:2)
  3 dart slugs
  3 leopard geckos
  10 orcs
  3 ball pythons
  6 bats
  4 giant cockroaches
  6 goblins
  11 hobgoblins
  10 jackals
  A quokka (D:2)
  A frilled lizard (D:1)
  9 kobolds
  7 rats
105 creatures vanquished.

Notes
Turn   | Place    | Note
-------+----------+-------------------------------------------
     0 | D:1      | robertstho the Gnoll Ice Elementalist began the quest for
                  | the Orb.
     0 | D:1      | Reached XP level 1. HP: 13/13 MP: 6/6
   173 | D:1      | Reached XP level 2. HP: 19/19 MP: 4/7
   618 | D:2      | Found Jityresk's Magic Scroll Shoppe.
   665 | D:2      | Reached XP level 3. HP: 24/25 MP: 9/9
   671 | D:2      | Reached skill level 5 in Spellcasting
   716 | D:2      | Reached skill level 1 in Invocations
  1129 | D:2      | Learned a level 3 spell: Frozen Ramparts
  1133 | D:2      | Learned a level 3 spell: Ozocubu's Armour
  1395 | D:1      | Reached skill level 1 in Fighting
  1395 | D:1      | Reached skill level 1 in Short Blades
  1395 | D:1      | Reached skill level 1 in Long Blades
  1395 | D:1      | Reached skill level 1 in Axes
  1395 | D:1      | Reached skill level 1 in Maces & Flails
  1395 | D:1      | Reached skill level 1 in Polearms
  1395 | D:1      | Reached skill level 1 in Staves
  1395 | D:1      | Reached skill level 1 in Slings
  1395 | D:1      | Reached skill level 1 in Bows
  1395 | D:1      | Reached skill level 1 in Crossbows
  1395 | D:1      | Reached skill level 1 in Throwing
  1395 | D:1      | Reached skill level 1 in Armour
  1395 | D:1      | Reached skill level 1 in Shields
  1395 | D:1      | Reached skill level 1 in Unarmed Combat
  1395 | D:1      | Reached skill level 1 in Evocations
  1512 | D:1      | Reached XP level 4. HP: 25/32 MP: 11/11
  2366 | D:2      | Bought a scroll of noise for 11 gold pieces
  2366 | D:2      | Bought a scroll of random uselessness for 11 gold pieces
  2366 | D:2      | Bought a scroll of identify for 22 gold pieces
  2759 | D:2      | Found Ubaop's Weapon Boutique.
  2768 | D:2      | Reached skill level 1 in Conjurations
  2768 | D:2      | Reached skill level 1 in Hexes
  2768 | D:2      | Reached skill level 1 in Summonings
  2768 | D:2      | Reached skill level 1 in Necromancy
  2768 | D:2      | Reached skill level 1 in Translocations
  2768 | D:2      | Reached skill level 1 in Transmutations
  2768 | D:2      | Reached skill level 1 in Fire Magic
  2768 | D:2      | Reached skill level 1 in Air Magic
  2768 | D:2      | Reached skill level 1 in Earth Magic
  2768 | D:2      | Reached skill level 1 in Poison Magic
  3147 | D:3      | Found a broken altar of Ashenzari.
  3156 | D:3      | You fall into a shaft and drop 1 floor!
  3187 | D:4      | Noticed Sigmund
  3401 | D:3      | Reached XP level 5. HP: 37/37 MP: 8/12
  4157 | D:4      | Killed Sigmund
  4158 | D:4      | Reached skill level 5 in Dodging
  4158 | D:4      | Reached XP level 6. HP: 14/44 MP: 14/14
  4742 | D:4      | Found a sacrificial altar of Ru.
  4865 | D:2      | Bought a scroll of identify for 22 gold pieces
  4865 | D:2      | Bought a scroll of fear for 38 gold pieces
  4865 | D:2      | Bought a scroll of identify for 22 gold pieces
  4946 | D:5      | Entered Level 5 of the Dungeon
  5042 | D:5      | Identified the amulet "Wepnuwi" {Acrobat rPois Int+4 Dex+3}
  5194 | D:5      | Reached XP level 7. HP: 50/50 MP: 15/15
  5519 | D:5      | Reached skill level 5 in Stealth
  5703 | D:5      | Noticed Pikel
  5715 | D:5      | Slain by Pikel

Illustrated notes

Levels and vault maps discovered:
D:1:      giann_wishing_wells, layout_loops_ring, corexii_leaking_fountain
D:2:      layout_rooms, serial_shops, shop, shop
D:3:      layout_basic, ashenzari_altar_1
D:4:      layout_rooms, kennysheep_mini_moat, uniq_sigmund
D:5:      layout_basic, xom_butterflies, trog_butcher_becter, uniq_pikel

Skill      XL: |  1  2  3  4  5  6  7 |
---------------+----------------------+-----
Spellcasting   | 5 |  5.7
Invocations    | 1 2 |  2.9
Fighting       | 1 2 |  2.6
Short Blades   | 1 2 |  2.6
Long Blades    | 1 2 |  2.6
Axes           | 1 2 |  2.6
Maces & Flails | 1 2 |  2.6
Polearms       | 1 2 |  2.6
Staves         | 1 2 |  2.6
Slings         | 1 2 |  2.6
Bows           | 1 2 |  2.6
Crossbows      | 1 2 |  2.6
Throwing       | 1 2 |  2.6
Armour         | 1 2 |  2.6
Shields        | 1 2 |  2.6
Unarmed Combat | 1 2 |  2.6
Evocations     | 1 2 |  2.6
Conjurations   | 1 2 |  2.1
Hexes          | 1 2 |  2.1
Summonings     | 1 2 |  2.1
Necromancy     | 1 2 |  2.1
Translocations | 1 2 |  2.1
Transmutations | 1 2 |  2.1
Fire Magic     | 1 2 |  2.1
Air Magic      | 1 2 |  2.1
Earth Magic    | 1 2 |  2.1
Poison Magic   | 1 2 |  2.1
Dodging        | 5 |  5.3
Stealth        | 5 |  5.0
Ice Magic      | |  7.4

Action                   |  1- 3 |  4- 6 |  7- 9 || total
-------------------------+-------+-------+-------++-------
Melee: Unarmed           |     9 |       |       ||     9
       Mace              |    18 |       |       ||    18
       Halberd           |     8 |    96 |       ||   104
       Bite              |     2 |    10 |     3 ||    15
       Scythe            |       |    28 |    38 ||    66
 Cast: Freeze            |    31 |     3 |       ||    34
       Frozen Ramparts   |     1 |    17 |     5 ||    23
       Ozocubu's Armour  |     1 |     1 |     3 ||     5
Evoke: Wand              |       |     1 |       ||     1
  Use: Scroll            |       |     7 |       ||     7
       Potion            |       |       |     1 ||     1
 Stab: Sleeping          |     1 |     9 |       ||    10
       Paralysed         |       |     1 |       ||     1
       Distracted        |       |     1 |       ||     1
Armor: Robe              |     8 |    19 |    14 ||    41
Dodge: Dodged            |    42 |   105 |    40 ||   187

Table legend: (Time is in decaauts)
 A = Elapsed time spent in this place.
 B = Non-inter-level travel time spent in this place.
 C = Inter-level travel time spent in this place.
 D = Time resting spent in this place.
 E = Time spent auto-exploring this place.
 F = Levels seen in this place.
 G = Mean time per level.
                   A        B        C        D        E       F      G
               +--------+--------+--------+--------+--------+-----+--------+
         Total |   5827 |   5490 |    337 |   1382 |   3252 |   5 | 1165.4 |
       Dungeon |   5827 |   5490 |    337 |   1382 |   3252 |   5 | 1165.4 |
               +--------+--------+--------+--------+--------+-----+--------+

Top non-repeatable levels by time:
     D:2: 1887 daAuts
     D:1: 1183 daAuts
     D:4: 1137 daAuts
     D:3: 1027 daAuts
     D:5: 591 daAuts
